 Dungeon Sprint DCSS version 0.29.1-1-gd02db6906a (webtiles) character file.

Game seed: 1469092129083134885

9100000 Groucho the Intangible (level 27, -5/174 HPs)
             Began as a Spriggan Abyssal Knight on Oct 17, 2022.
             Was the Champion of Makhleb.
             Engulfed by a cloud of flame (13 damage)
             ... in the Dungeon (Sprint VIII: "Arena of Blood") on Oct 19, 2022.
             The game lasted 00:07:00 (91 turns).

Groucho the Intangible (Spriggan Abyssal Knight)      Turns: 91, Time: 00:07:00

Health: -5/174     AC:  4    Str:  9    XL:     27
Magic:  19/55      EV: 51    Int: 14    God:    Makhleb [******]
Gold:   0          SH:  0    Dex: 27    Spells: 80/80 levels left

rFire   . . .      SeeInvis +   i - +∞ Axe of Woe
rCold   . . .      Faith    .   (shield currently unavailable)
rNeg    . . .      Spirit   .   b - +0 robe
rPois   .          Reflect  .   (helmet restricted)
rElec   .          Harm     .   (no cloak)
rCorr   .          Rampage  .   (gloves unavailable)
Will    ++++.      NoTele   +   (boots unavailable)
Stlth   ++++++++++              (no amulet)
HPRegen 0.39/turn               d - +250 ring of slaying
MPRegen 0.34/turn               (no ring)

@: hasted and slowed, very quick
A: very small, no large weapons, unfitting armour, see invisible, speed 3
a: Renounce Religion, Minor Destruction, Lesser Servant of Makhleb, Major
Destruction, Greater Servant of Makhleb


You were in the Dungeon.
You worshipped Makhleb.
Makhleb was exalted by your worship.
You visited 1 branch

Inventory:

Hand Weapons
 a - a +1 hand axe
 i - the +∞ Axe of Woe (weapon)
   (You found it in the Dungeon)
Armour
 b - a +0 robe (worn)
Jewellery
 d - a +250 ring of slaying (left hand)
Scrolls
 h - a scroll of blinking
Potions
 c - a potion of curing
 f - 2 potions of magic
 g - a potion of berserk rage


   Skills:
 O Level 27 Fighting
 O Level 27 Short Blades
 O Level 27 Long Blades
 O Level 27 Axes
 O Level 27 Maces & Flails
 O Level 27 Polearms
 O Level 27 Staves
 O Level 27 Ranged Weapons
 O Level 27 Throwing
 O Level 27 Armour
 O Level 27 Dodging
 O Level 27 Stealth
 O Level 27 Shields
 O Level 27 Unarmed Combat
 O Level 27 Spellcasting
 O Level 27 Conjurations
 O Level 27 Hexes
 O Level 27 Summonings
 O Level 27 Necromancy
 O Level 27 Translocations
 O Level 27 Transmutations
 + Level 24.5 Fire Magic
 + Level 24.7 Ice Magic
 + Level 26.6 Air Magic
 O Level 27 Invocations
 O Level 27 Evocations


You had 80 spell levels left.
You didn't know any spells.
Your spell library was empty.

Dungeon Overview and Level Annotations

Branches:
Dungeon (1/1)

Altars:
Makhleb


Innate Abilities, Weirdness & Mutations

You are very small and have problems with some larger weapons.
You are too small for most types of armour.
You have supernaturally acute eyesight. (SInv)
You cover ground extremely quickly. (Speed+++)


Message History

Unknown command.
You chop the accursed into pieces!!!!!
You hew the accursed savagely.
You destroy the accursed!
Makhleb accepts your kill.
You feel better.
You open the bag of meat like a pillowcase!!!!!
You slaughter the bag of meat joyfully.
You kill the bag of meat!
Makhleb accepts your kill.
You carve the meat beast like a ham!!!!
You dissect the meat beast like a pig carcass.
You kill the meat beast!
Makhleb accepts your kill.
You cut the meat beast into ribbons!!!
You fatally mangle the meat beast.
You kill the meat beast!
Makhleb accepts your kill.
You feel extremely nervous for a moment...
Your body is wracked with pain!
You are engulfed in blazing flames.
You hear a shout! x6
The wretched soul breathes negative energy at you.
The bolt of negative energy hits you!!!
You feel drained.
* * * LOW HITPOINT WARNING * * *
A tyrant comes into view.
The accursed gestures at you while chanting.
Something smites you!
* * * LOW HITPOINT WARNING * * *
You hear a shout!
You hear a roar!
You hear a screech!
You hear a shout!
You hear a roar!
Your life force feels restored.
You have mastered Transmutations!
Your Fire Magic skill gained 11 levels and is now at level 24!
Your Ice Magic skill gained 11 levels and is now at level 24!
Your Air Magic skill gained 12 levels and is now at level 26!
Unknown command.
The tyrant shouts!
You slice the meat berserker!!
You cleave the meat berserker in twain.
You kill the meat berserker!
Makhleb accepts your kill.
You are engulfed in blazing flames.
You die...

.... ... ...VL
#.. ..L# . #..
...# . ..###..
.o.###..
....V.o###......
.....o§§_......
#§)§).# #§)@)_#
#)))))#
.o....))_.O..D..
..Do.§.###...WO.
..###.. .M.###..
. #.. ...# . #..
...# ... .....
.... ..


You could see an accursed, 2 tyrants, 2 eight-headed meat hydras, 2 destroyers,
2 meat berserkers, a wretched soul (invisible) and 4 bags of meat.

Vanquished Creatures
  4 hell beasts (D)
  5 royal mummies (D)
  3 wraiths (D)
  Harold (D)
  9 vampire knights (D)
  27 ogres (D)
  5 two-headed ogres (D)
  3 liches (D)
  A phantom (D)
  50 orcs (D)
  8 skeletal warriors (D)
116 creatures vanquished.

Notes
Turn   | Place    | Note
-------+----------+-------------------------------------------
     0 | D        | Found the +∞ Axe of Woe
     0 | D        | Groucho the Spriggan Abyssal Knight began the quest for the
                  | Orb.
     0 | D        | Reached XP level 1. HP: 11/11 MP: 3/3
     2 | D        | Noticed a bag of meat
     4 | D        | Fell from the grace of Lugonu
     4 | D        | Became a worshipper of Makhleb the Destroyer
     5 | D        | Noticed a bag of meat
     7 | D        | Noticed a bag of meat
     7 | D        | Noticed a meat berserker
     8 | D        | Noticed a bag of meat
     8 | D        | Noticed a bag of meat
    11 | D        | Killed a bag of meat
    11 | D        | Killed a meat berserker
    11 | D        | Reached * piety under Makhleb
    11 | D        | Noticed a meat berserker
    11 | D        | Noticed a meat berserker
    12 | D        | Reached skill level 10 in Axes
    12 | D        | Reached skill level 10 in Invocations
    12 | D        | Reached XP level 2. HP: 35/35 MP: 3/9
    12 | D        | Reached XP level 3. HP: 40/40 MP: 3/10
    12 | D        | Reached XP level 4. HP: 45/45 MP: 3/12
    12 | D        | Reached XP level 5. HP: 50/50 MP: 3/13
    12 | D        | Reached XP level 6. HP: 55/55 MP: 3/14
    12 | D        | Reached XP level 7. HP: 60/60 MP: 3/15
    12 | D        | Reached XP level 8. HP: 65/65 MP: 3/16
    12 | D        | Reached XP level 9. HP: 69/69 MP: 3/17
    12 | D        | Reached XP level 10. HP: 74/74 MP: 3/18
    12 | D        | Reached XP level 11. HP: 79/79 MP: 3/19
    12 | D        | Reached XP level 12. HP: 84/84 MP: 3/20
    12 | D        | Noticed a bag of meat
    13 | D        | Killed a bag of meat
    14 | D        | Reached XP level 13. HP: 88/88 MP: 3/21
    14 | D        | Killed a meat berserker
    15 | D        | Noticed a bag of meat
    15 | D        | Noticed a bag of meat
    16 | D        | Killed a bag of meat
    16 | D        | Reached ** piety under Makhleb
    16 | D        | Killed a bag of meat
    16 | D        | Killed a meat berserker
    16 | D        | Noticed a bag of meat
    17 | D        | Reached skill level 27 in Dodging
    17 | D        | Reached XP level 14. HP: 94/94 MP: 3/22
    17 | D        | Noticed a bag of meat
    18 | D        | Killed a bag of meat
    18 | D        | Reached *** piety under Makhleb
    19 | D        | Reached XP level 15. HP: 98/98 MP: 4/23
    20 | D        | Noticed a meat berserker
    21 | D        | Noticed a meat berserker
    23 | D        | Reached **** piety under Makhleb
    25 | D        | Reached skill level 27 in Axes
    25 | D        | Noticed a destroyer
    26 | D        | Killed a meat berserker
    26 | D        | Noticed a meat berserker
    27 | D        | Reached XP level 16. HP: 70/114 MP: 5/24
    27 | D        | Killed a meat berserker
    27 | D        | Noticed a meat berserker
    28 | D        | Reached skill level 27 in Fighting
    28 | D        | Noticed a meat berserker
    30 | D        | Killed a meat berserker
    30 | D        | Reached ***** piety under Makhleb
    31 | D        | Noticed a meat berserker
    31 | D        | Noticed a destroyer
    33 | D        | Noticed a meat berserker
    33 | D        | Noticed a sculptor of flesh
    33 | D        | Noticed a meat berserker
    34 | D        | Killed a meat berserker
    34 | D        | Killed a meat berserker
    35 | D        | Reached XP level 17. HP: 121/121 MP: 6/25
    35 | D        | Noticed a sculptor of flesh
    35 | D        | Killed a destroyer
    35 | D        | Noticed a meat berserker
    36 | D        | Noticed a large bag of meat
    37 | D        | Noticed a meat berserker
    37 | D        | Killed a meat berserker
    37 | D        | Noticed a sculptor of flesh
    37 | D        | Noticed a large bag of meat
    37 | D        | Noticed a destroyer
    38 | D        | Killed a sculptor of flesh
    38 | D        | Killed a meat berserker
    38 | D        | Noticed a destroyer
    39 | D        | Reached skill level 27 in Armour
    39 | D        | Reached XP level 18. HP: 127/127 MP: 7/32
    39 | D        | Killed a meat berserker
    39 | D        | Reached ****** piety under Makhleb
    39 | D        | Noticed a meat berserker
    40 | D        | Killed a meat berserker
    40 | D        | Killed a destroyer
    40 | D        | Noticed a destroyer
    41 | D        | Reached skill level 27 in Invocations
    41 | D        | Reached XP level 19. HP: 132/132 MP: 7/37
    41 | D        | Noticed a meat berserker
    43 | D        | Killed a destroyer
    43 | D        | Killed a destroyer
    43 | D        | Noticed The Servant
    44 | D        | Noticed a large bag of meat
    45 | D        | Reached skill level 15 in Unarmed Combat
    45 | D        | Noticed a destroyer
    45 | D        | Noticed an accursed
    45 | D        | Killed a meat berserker
    46 | D        | Reached skill level 27 in Stealth
    46 | D        | Reached XP level 20. HP: 137/137 MP: 8/48
    47 | D        | Noticed a meat berserker
    47 | D        | Killed a meat berserker
    48 | D        | Killed a large bag of meat
    49 | D        | Reached skill level 27 in Spellcasting
    49 | D        | Killed a large bag of meat
    50 | D        | Reached XP level 21. HP: 104/142 MP: 9/53
    51 | D        | Noticed a large bag of meat
    52 | D        | Reached skill level 27 in Unarmed Combat
    52 | D        | Noticed a tyrant
    52 | D        | Noticed an accursed
    52 | D        | Noticed a destroyer
    52 | D        | Noticed an accursed
    53 | D        | Killed The Servant
    53 | D        | Killed an accursed
    54 | D        | Reached skill level 27 in Shields
    54 | D        | Reached XP level 22. HP: 67/148 MP: 10/54
    54 | D        | Noticed an accursed
    56 | D        | Killed an accursed
    57 | D        | Reached skill level 27 in Short Blades
    57 | D        | Reached skill level 27 in Long Blades
    57 | D        | Reached skill level 27 in Ranged Weapons
    57 | D        | Reached XP level 23. HP: 68/153 MP: 10/55
    57 | D        | Killed a large bag of meat
    58 | D        | Noticed a destroyer
    59 | D        | Reached skill level 10 in Maces & Flails
    59 | D        | Reached skill level 10 in Polearms
    59 | D        | Reached skill level 10 in Staves
    59 | D        | Killed a large bag of meat
    59 | D        | Noticed an accursed
    60 | D        | Reached XP level 24. HP: 120/158 MP: 11/55
    61 | D        | Noticed a destroyer
    61 | D        | Noticed a destroyer
    62 | D        | Reached skill level 15 in Maces & Flails
    62 | D        | Reached skill level 15 in Polearms
    62 | D        | Reached skill level 15 in Staves
    62 | D        | Killed a tyrant
    63 | D        | Killed a destroyer
    63 | D        | Killed a destroyer
    65 | D        | Reached XP level 25. HP: 154/163 MP: 12/55
    67 | D        | Reached skill level 27 in Throwing
    67 | D        | Killed a destroyer
    67 | D        | Noticed a tyrant
    67 | D        | Noticed a meat beast
    69 | D        | Killed an accursed
    69 | D        | Noticed a large bag of meat
    72 | D        | Killed a destroyer
    73 | D        | Reached skill level 27 in Maces & Flails
    73 | D        | Reached skill level 27 in Polearms
    73 | D        | Reached skill level 27 in Staves
    73 | D        | Reached skill level 10 in Evocations
    73 | D        | Reached XP level 26. HP: 142/169 MP: 15/55
    73 | D        | Noticed a meat beast
    74 | D        | Killed a meat beast
    74 | D        | Noticed a dread
    75 | D        | Reached skill level 27 in Evocations
    75 | D        | Killed an accursed
    76 | D        | Killed a destroyer
    77 | D        | Reached skill level 27 in Conjurations
    77 | D        | Reached XP level 27. HP: 151/174 MP: 16/55
    78 | D        | Noticed a tyrant
    79 | D        | Noticed an accursed
    80 | D        | Reached skill level 10 in Summonings
    80 | D        | Killed a meat beast
    80 | D        | Noticed a dread
    81 | D        | Noticed a dread
    82 | D        | Noticed a destroyer
    83 | D        | Reached skill level 27 in Translocations
    83 | D        | Killed a large bag of meat
    86 | D        | Reached skill level 27 in Hexes
    87 | D        | Noticed a meat beast
    87 | D        | Noticed a meat beast
    87 | D        | Killed a tyrant
    87 | D        | Killed a dread
    88 | D        | Killed a dread
    89 | D        | Reached skill level 27 in Summonings
    89 | D        | Reached skill level 27 in Necromancy
    89 | D        | Killed a tyrant
    89 | D        | Killed a dread
    89 | D        | Noticed a meat beast
    89 | D        | Noticed a destroyer
    89 | D        | Noticed a tyrant
    90 | D        | Killed an accursed
    90 | D        | Killed a meat beast
    90 | D        | Killed a meat beast
    90 | D        | Noticed a tyrant
    90 | D        | HP: 8/161 [accursed/divine providence (8)]
    91 | D        | Reached skill level 27 in Transmutations
    91 | D        | Engulfed by a cloud of flame

Illustrated notes

Levels and vault maps discovered:
D:        meatsprint

Skill      XL: |  1  2  3  4  5  6  7  8  9 10 11 12 13 14 15 16 17 18 19 20 21 22 23 24 25 26 27 |
---------------+----------------------------------------------------------------------------------+-----
Fighting       | 20 25 27 | 27.0
Axes           | 10 13 23 24 27 | 27.0
Dodging        | 20 22 27 | 27.0
Invocations    | 10 18 27 | 27.0
Armour         | 20 27 | 27.0
Stealth        | 14 27 | 27.0
Shields        | 7 16 22 27 | 27.0
Unarmed Combat | 8 17 24 27 | 27.0
Spellcasting   | 11 23 27 | 27.0
Short Blades   | 18 27 | 27.0
Long Blades    | 14 27 | 27.0
Ranged Weapons | 17 27 | 27.0
Maces & Flails | 4 13 20 27 | 27.0
Polearms       | 4 13 20 27 | 27.0
Staves         | 4 13 20 27 | 27.0
Throwing       | 6 16 25 27 | 27.0
Conjurations   | 6 27 | 27.0
Evocations     | 10 27 | 27.0
Hexes          | 11 27 | 27.0
Summonings     | 8 27 | 27.0
Necromancy     | 8 27 | 27.0
Translocations | 13 27 | 27.0
Transmutations | 27 | 27.0
Fire Magic     | 24 | 24.5
Ice Magic      | 24 | 24.7
Air Magic      | 26 | 26.6

Action                   |  1- 3 |  4- 6 |  7- 9 | 10-12 | 13-15 | 16-18 | 19-21 | 22-24 | 25-27 || total
-------------------------+-------+-------+-------+-------+-------+-------+-------+-------+-------++-------
Melee: Broad axe         |     1 |       |       |     1 |     7 |     8 |    10 |    11 |    21 ||    59
Invok: Greater Servant o |       |       |       |       |       |       |     2 |       |       ||     2
  Use: Potion            |       |       |       |       |       |     1 |       |       |     1 ||     2
Dodge: Dodged            |       |       |       |       |       |       |     2 |       |     6 ||     8
